[Event "Titled Tuesday Blitz February 15 Early 2022"]
[White "Gunina, Valentina"]
[Black "Svane, Rasmus"]
[WhiteFideId "4167570"]
[BlackFideId "4657101"]
[WhiteElo "2465"]
[BlackElo "2645"]
[Result "0-1"]
[Round "02"]
[TimeControl "180+1"]
[Date "2022.02.15"]
[WhiteClock "0:00:03"]
[BlackClock "0:00:51"]

1. d4 Nf6 2. c4 e6 3. Nf3 d5 4. Nc3 a6 5. cxd5 exd5 6. Bg5 Be6 7. e3 Nbd7 8. Bd3 Bd6 9. O-O c6 10. Qd2 O-O 11. Rfe1 Bg4 12. e4 dxe4 13. Nxe4 Be7 14. Qf4 Bh5 15. Ng3 Bg6 16. Bxg6 hxg6 17. Qh4 Re8 18. Re2 Nf8 19. Rae1 Ne6 20. Rxe6 fxe6 21. Ne5 Nh7 22. Bxe7 Qxe7 23. Qe4 g5 24. Qe3 Rad8 25. Ne4 Qb4 26. Nc5 Qxd4 27. Nxb7 Qxe3 28. fxe3 Rd2 29. Nc4 Rc2 30. Nbd6 Rf8 31. Rf1 Rxf1+ 32. Kxf1 Nf6 33. h3 Ne8 0-1


[Site "https://www.chess.com"]

[Event "Titled Tuesday Blitz February 15 Early 2022"]
[White "Gurevich, Dmitry"]
[Black "Cunjalo, Faris"]
[WhiteFideId "2000407"]
[BlackFideId "14410710"]
[WhiteElo "2506"]
[BlackElo "2263"]
[Result "0-1"]
[Round "02"]
[TimeControl "180+1"]
[Date "2022.02.15"]
[WhiteClock "0:00:03"]
[BlackClock "0:00:16"]

1. d4 Nf6 2. c4 g6 3. Nc3 c5 4. d5 Bg7 5. e4 d6 6. Nf3 O-O 7. h3 e6 8. Bd3 Nbd7 9. O-O e5 10. Bg5 h6 11. Bd2 Nh7 12. Qc2 Ndf6 13. Nh2 Nh5 14. Ne2 Qh4 15. Kh1 Ng5 16. Ng1 Qxf2 17. Ng4 Qh4 18. Be1 Ng3+ 19. Bxg3 Qxg3 20. Nh2 Nh7 21. Rf3 Qh4 22. Raf1 Bd7 23. g3 Qe7 24. h4 h5 25. R3f2 Bh6 26. Be2 a6 27. Kg2 b5 28. b3 bxc4 29. bxc4 Rab8 30. Qd1 Kg7 31. Bd3 Be3 32. Rf3 Rb2+ 33. Kh1 Bh6 34. R3f2 Rxf2 35. Rxf2 Rb8 36. Kg2 Nf6 37. Nh3 Ng4 38. Nxg4 Bxg4 39. Be2 Bd7 40. Ng1 Be3 41. Rf3 Bd4 42. Rd3 Qd8 43. Rb3 Rb4 44. Rxb4 cxb4 45. Nf3 Bc5 46. Qb3 a5 47. Bd1 a4 48. Qd3 f6 49. Qd2 Qh8 50. Ne1 Qh6 51. Qxh6+ Kxh6 52. Nd3 f5 53. Nxc5 dxc5 54. Kf3 g5 55. exf5 b3 56. hxg5+ Kxg5 57. Bxb3 axb3 58. axb3 Kxf5 59. Ke3 e4 60. Kf2 Ke5 61. Ke3 Bg4 62. Kf2 Bd1 63. d6 Kxd6 0-1


[Site "https://www.chess.com"]

[Event "Titled Tuesday Blitz February 15 Early 2022"]
[White "Guseva, Marina"]
[Black "Kalajzic, Ivan"]
[WhiteFideId "4149351"]
[BlackFideId "14506378"]
[WhiteElo "2232"]
[BlackElo "2163"]
[Result "0-1"]
[Round "02"]
[TimeControl "180+1"]
[Date "2022.02.15"]
[WhiteClock "0:00:01"]
[BlackClock "0:00:05"]

1. d4 Nc6 2. d5 Ne5 3. e4 e6 4. f4 Ng6 5. dxe6 fxe6 6. Nf3 Bc5 7. Nc3 Nh6 8. Ng5 O-O 9. g3 Bf2+ 10. Kxf2 Qxg5 11. Be2 b6 12. Bf3 Qe7 13. Kg2 Bb7 14. Be3 Rad8 15. h4 Qb4 16. h5 Ne7 17. a3 Qxb2 18. Bd4 Nc6 19. Ra2 Qxa2 20. Nxa2 Nxd4 21. Qxd4 d6 22. Nc3 Nf7 23. Qd2 e5 24. Nd5 c6 25. Ne7+ Kh8 26. Nf5 d5 27. exd5 cxd5 28. fxe5 Nxe5 29. Qg5 Rd7 30. Nd4 Nxf3 31. Nxf3 d4 32. Rf1 d3 33. cxd3 Rxd3 34. Kh2 Bxf3 35. Rf2 Rd1 36. g4 Rh1+ 37. Kg3 Rg1+ 38. Kh3 h6 39. Qe7 Rh1+ 40. Kg3 Rg1+ 41. Kh3 Rh1+ 42. Rh2 Rxh2+ 43. Kxh2 Rf6 44. Qd8+ Kh7 45. Qd3+ Kg8 46. Kg3 Kf7 47. Qd7+ Kg8 48. Qxa7 Bc6 49. Qb8+ Kh7 50. Qc7 Rf3+ 51. Kh4 Rc3 52. Qxb6 Rc4 53. Qb1+ Kg8 54. Qg6 Bd7 55. Kh3 Rc3+ 56. Kh2 Rxa3 57. Qd6 Ra2+ 58. Kg3 Be8 59. Qd5+ Bf7 60. Qd8+ Kh7 61. Qd3+ Kg8 62. Qf3 Rb2 63. Qf4 Rb3+ 64. Kh4 Kf8 65. g5 hxg5+ 66. Kxg5 Rb5+ 67. Kh4 Ke7 68. Qe3+ Be6 69. Qc3 Kf7 70. Qc7+ Kf6 0-1


[Site "https://www.chess.com"]

[Event "Titled Tuesday Blitz February 15 Early 2022"]
[White "Harshavardhan G B"]
[Black "Martinez Alcantara, Jose Eduardo"]
[WhiteFideId "25059009"]
[BlackFideId "3805662"]
[WhiteElo "1831"]
[BlackElo "2690"]
[Result "0-1"]
[Round "02"]
[TimeControl "180+1"]
[Date "2022.02.15"]
[WhiteClock "0:00:15"]
[BlackClock "0:00:07"]

1. e4 c5 2. Nf3 d6 3. d4 cxd4 4. Nxd4 Nf6 5. Nc3 a6 6. Be3 e6 7. g4 Nfd7 8. Qd2 b5 9. O-O-O Bb7 10. f3 Nb6 11. h4 N8d7 12. g5 Rc8 13. h5 b4 14. Nb1 d5 15. Bh3 Nc5 16. g6 hxg6 17. hxg6 Rxh3 18. gxf7+ Kxf7 19. Rxh3 dxe4 20. Qf2 Nd3+ 21. Rxd3 exd3 22. Qg3 Nd5 23. Qg4 Qf6 24. Qe4 dxc2 25. Nd2 Ba8 26. Rh1 Bc5 27. N2b3 Bb6 28. Re1 a5 29. Nxc2 Bxe3+ 30. Rxe3 Nxe3 31. Qxe3 Qxf3 32. Qa7+ Kg8 33. Qa6 Qh1+ 34. Kd2 Qg2+ 35. Ke3 Qg3+ 36. Kd4 Qf4+ 37. Kd3 Qe4+ 38. Kd2 Qxc2+ 39. Ke3 Qc6 40. Kd2 Qxa6 0-1


[Site "https://www.chess.com"]

[Event "Titled Tuesday Blitz February 15 Early 2022"]
[White "Ianov, Viktor"]
[Black "Qashashvili, Alexandre"]
[WhiteFideId "14102730"]
[BlackFideId "13600842"]
[WhiteElo "2215"]
[BlackElo "2316"]
[Result "1/2-1/2"]
[Round "02"]
[TimeControl "180+1"]
[Date "2022.02.15"]
[WhiteClock "0:01:18"]
[BlackClock "0:00:48"]

1. Nf3 c6 2. g3 d5 3. Bg2 Bf5 4. O-O Nf6 5. d3 Qc8 6. c4 Bh3 7. Bxh3 Qxh3 8. Qb3 Qc8 9. Nc3 e6 10. Bg5 Be7 11. Rac1 dxc4 12. Qxc4 Nbd7 13. b4 a6 14. a4 O-O 15. Qb3 h6 16. Bd2 Rd8 17. Rfd1 Nd5 18. Nxd5 exd5 19. b5 axb5 20. axb5 Nf6 21. bxc6 bxc6 22. Bc3 c5 23. Bxf6 Bxf6 24. Kg2 Qe6 25. Rd2 Rac8 26. Rdc2 c4 27. dxc4 dxc4 28. Qb4 c3 29. e3 Qd5 30. e4 Qe6 31. e5 Bxe5 32. Re1 f6 33. Nxe5 fxe5 34. Rxc3 Rxc3 35. Qxc3 Qd5+ 36. Qf3 1/2-1/2


[Site "https://www.chess.com"]

[Event "Titled Tuesday Blitz February 15 Early 2022"]
[White "Idrisov, Ildar F"]
[Black "Samunenkov, Ihor"]
[WhiteFideId "4151020"]
[BlackFideId "14187086"]
[WhiteElo "2209"]
[BlackElo "2406"]
[Result "0-1"]
[Round "02"]
[TimeControl "180+1"]
[Date "2022.02.15"]
[WhiteClock "0:00:01"]
[BlackClock "0:00:03"]

1. Nf3 Nf6 2. b3 c5 3. Bb2 Nc6 4. c4 d6 5. d4 cxd4 6. Nxd4 e5 7. Nxc6 bxc6 8. g3 Be7 9. Bg2 Qc7 10. O-O O-O 11. Nc3 Be6 12. Rc1 Qd7 13. Na4 Qc7 14. e4 Rad8 15. Qe2 Nd7 16. f4 f6 17. Rfd1 Nb6 18. Nc3 a5 19. fxe5 dxe5 20. Rxd8 Rxd8 21. Rd1 Bc5+ 22. Kh1 Bd4 23. Rd2 g6 24. Nd1 Bc5 25. Bc3 Bb4 26. Bf3 Kg7 27. h4 h5 28. Bxb4 axb4 29. Rxd8 Qxd8 30. Qe3 Nd7 31. Nf2 Qa5 32. Qd2 Qc5 33. Kg2 Kf7 34. Kf1 Ke7 35. Ke2 Qd6 36. Qxd6+ Kxd6 37. Nd3 c5 38. Nb2 Nb8 39. Na4 Nc6 40. Ke3 Nd4 41. Bd1 Kc6 42. Nb2 Bd7 43. Nd3 Kd6 44. Ne1 Bc6 45. Nf3 Ne6 46. Be2 f5 47. Bd3 f4+ 48. gxf4 Nxf4 49. Bf1 Bd7 50. Ng5 Bg4 51. Nf7+ Ke6 0-1


[Site "https://www.chess.com"]

[Event "Titled Tuesday Blitz February 15 Early 2022"]
[White "Jaferian, Koosha"]
[Black "Willow, Jonah B"]
[WhiteFideId "12507440"]
[BlackFideId "438804"]
[WhiteElo "2027"]
[BlackElo "2261"]
[Result "0-1"]
[Round "02"]
[TimeControl "180+1"]
[Date "2022.02.15"]
[WhiteClock "0:00:09"]
[BlackClock "0:01:17"]

1. Nf3 c5 2. b3 d6 3. d4 cxd4 4. Nxd4 Nf6 5. Bb2 g6 6. g3 Bg7 7. Bg2 O-O 8. c4 a6 9. O-O Qc7 10. Nc3 Nc6 11. Rc1 Nxd4 12. Qxd4 Qa5 13. Nd5 Ne8 14. Nxe7+ Kh8 15. Bc3 Qxa2 16. Qe3 Qa3 17. Bxg7+ Nxg7 18. Nd5 Be6 19. Ra1 Qb2 20. Rfd1 Bxd5 21. Bxd5 Rfe8 22. Qf3 Rxe2 23. Rab1 Qe5 24. Qxf7 Rb8 25. Bg2 Ne6 26. Rd5 Qc3 27. Rxd6 Rf8 28. Qe7 Rfxf2 29. Qe8+ Kg7 30. Rd7+ Kh6 31. Bd5 Qe3 32. Kh1 Rxh2# 0-1


[Site "https://www.chess.com"]

[Event "Titled Tuesday Blitz February 15 Early 2022"]
[White "Jain Kashish Manoj"]
[Black "Guliyev, Namig"]
[WhiteFideId "35081098"]
[BlackFideId "13400363"]
[WhiteElo "1681"]
[BlackElo "2487"]
[Result "0-1"]
[Round "02"]
[TimeControl "180+1"]
[Date "2022.02.15"]
[WhiteClock "0:00:12"]
[BlackClock "0:01:47"]

1. Nf3 d5 2. g3 Nd7 3. Bg2 e5 4. d3 Ngf6 5. O-O Bd6 6. Nbd2 O-O 7. e4 c6 8. a4 Re8 9. Nh4 Nf8 10. Qe2 Ng6 11. Nxg6 hxg6 12. Nf3 Qb6 13. b3 Bd7 14. Bg5 Nh7 15. Be3 Qc7 16. Ng5 Nxg5 17. Bxg5 a5 18. exd5 cxd5 19. Bxd5 Bc6 20. Qe4 Bxd5 21. Qxd5 Bb4 22. c4 Kh7 23. Be3 Rad8 24. Qe4 f5 25. Qh4+ Kg8 26. Rad1 Rd7 27. d4 exd4 28. Rxd4 Rxd4 29. Qxd4 Rd8 30. Qa1 Rd3 31. Rd1 Rxb3 32. Bg5 Qxc4 33. Rd8+ Kh7 34. Rd7 Bc3 35. Qd1 Ra3 36. Kg2 Ra1 37. Qf3 Qf1# 0-1


[Site "https://www.chess.com"]

[Event "Titled Tuesday Blitz February 15 Early 2022"]
[White "Jain, Naveen"]
[Black "Samadov, Read"]
[WhiteFideId "5003970"]
[BlackFideId "13417444"]
[WhiteElo "2036"]
[BlackElo "2084"]
[Result "0-1"]
[Round "02"]
[TimeControl "180+1"]
[Date "2022.02.15"]
[WhiteClock "0:00:02"]
[BlackClock "0:00:03"]

1. c4 e5 2. g3 Nf6 3. Bg2 Nc6 4. Nc3 Bb4 5. Nd5 O-O 6. e3 d6 7. Ne2 a5 8. O-O Bc5 9. b3 Be6 10. Nxf6+ Qxf6 11. Bb2 Bb6 12. f4 Qg6 13. fxe5 dxe5 14. Bxc6 bxc6 15. Bxe5 Rad8 16. Nf4 Qe4 17. Bd4 Rxd4 18. exd4 Bxd4+ 19. Rf2 g5 20. Ne2 Bxf2+ 21. Kxf2 Bh3 22. Qh1 Qe5 23. Re1 c5 24. Qf3 Re8 25. Qd5 Qf6+ 26. Qf3 Qe6 27. Qd5 Qe7 28. Qf3 f5 29. Qd5+ Kg7 30. Qd3 Bg4 31. Qe3 Qxe3+ 32. dxe3 Rd8 33. h3 Bxh3 34. Ng1 Bg4 35. e4 Rd2+ 36. Ke3 Rxa2 37. exf5 Bxf5 38. Nf3 Rb2 39. Nxg5 Rxb3+ 40. Kf4 Bg6 41. Re7+ Kg8 42. Rxc7 a4 43. Rc8+ Kg7 44. Rxc5 a3 45. Ra5 Bb1 46. Ra7+ Kg6 47. Ra6+ Kg7 48. Ne6+ Kf7 49. Nd4 Rc3 50. Nf3 a2 51. Ne5+ Ke7 52. g4 Rc1 53. Ra7+ Kd6 54. Ra6+ Kc5 55. Rxa2 Rf1+ 56. Ke3 Bxa2 57. Nd3+ Kxc4 58. Ne5+ Kd5 59. g5 Kxe5 0-1


[Site "https://www.chess.com"]

[Event "Titled Tuesday Blitz February 15 Early 2022"]
[White "Janaszak, Dawid"]
[Black "Jobava, Baadur"]
[WhiteFideId "1119206"]
[BlackFideId "13601520"]
[WhiteElo "2199"]
[BlackElo "2617"]
[Result "0-1"]
[Round "02"]
[TimeControl "180+1"]
[Date "2022.02.15"]
[WhiteClock "0:00:03"]
[BlackClock "0:00:19"]

1. e4 c6 2. d4 d5 3. exd5 cxd5 4. Bd3 Nf6 5. c3 Bg4 6. Qb3 Qc8 7. Bf4 e6 8. Nd2 Nc6 9. Ngf3 Bh5 10. O-O Be7 11. Rae1 Bg6 12. Bxg6 hxg6 13. Qb5 O-O 14. Qd3 Nd7 15. h4 Re8 16. Ng5 Nf8 17. Qh3 Bd8 18. h5 f6 19. Ngf3 e5 20. Qxc8 Rxc8 21. dxe5 Bc7 22. hxg6 Nxg6 23. Bg3 fxe5 24. Nb3 b6 25. Rd1 Rcd8 26. Rfe1 Bb8 27. Nh4 Nge7 28. Nf3 Nf5 29. Bh2 Kf7 30. Rd2 Kf6 31. Red1 e4 32. Bxb8 Rxb8 33. Nfd4 Nfxd4 34. Nxd4 Ne5 35. Ne2 Nd3 36. Nc1 Nxc1 37. Rxc1 Rbd8 38. Rcd1 Ke5 39. Rd4 b5 40. b3 Re6 41. Kf1 Red6 42. Rb4 a6 43. a4 Rc8 44. axb5 axb5 45. Rxb5 Rxc3 46. Rb7 Rc2 47. Re7+ Kf5 48. Rxg7 d4 49. Rf7+ Ke6 50. Rf4 Ke5 51. g3 d3 52. b4 Rb6 53. Rf8 Rxb4 54. g4 Rb6 55. Rf5+ Kd4 56. g5 Ra2 57. Rf6 Rxf6 58. gxf6 Ra6 59. Ke1 Rxf6 60. Ra1 Rc6 61. Ra4+ Rc4 62. Ra8 Rc1+ 63. Kd2 Rc2+ 64. Ke1 Re2+ 65. Kf1 Kc3 66. Rd8 Kd2 67. Ra8 Re1+ 68. Kg2 Ke2 69. Ra4 d2 70. Rxe4+ Kd3 0-1


[Site "https://www.chess.com"]

[Event "Titled Tuesday Blitz February 15 Early 2022"]
[White "Jones, Gawain C B"]
[Black "Osmak, Yuliia"]
[WhiteFideId "409561"]
[BlackFideId "14101602"]
[WhiteElo "2657"]
[BlackElo "2302"]
[Result "1-0"]
[Round "02"]
[TimeControl "180+1"]
[Date "2022.02.15"]
[WhiteClock "0:00:08"]
[BlackClock "0:00:01"]

1. Nf3 d5 2. g3 Nd7 3. d4 Nb6 4. Bg2 Nf6 5. O-O Bf5 6. a4 a5 7. Ne5 c6 8. b3 e6 9. c4 Bb4 10. c5 Nbd7 11. Nd3 Bxd3 12. Qxd3 e5 13. e3 O-O 14. Nc3 Re8 15. Na2 exd4 16. exd4 Ne4 17. Nxb4 axb4 18. Re1 Qf6 19. Be3 Qg6 20. f3 Nc3 21. Qxg6 hxg6 22. Kf2 f5 23. Bf1 Kf7 24. Bd2 Rh8 25. h4 Nf8 26. Bf4 Ne6 27. Be5 g5 28. Bd3 gxh4 29. Bxf5 hxg3+ 30. Kxg3 Rh6 31. Kf2 Rah8 32. Rg1 Rg8 33. Rh1 Rgh8 34. Rxh6 Rxh6 35. Rg1 g6 36. Bg4 Rh7 37. Bxe6+ Kxe6 38. Rxg6+ Kd7 39. Rg8 Rf7 40. Rb8 Ke6 41. Re8+ Kd7 42. Rb8 Ke6 43. a5 Ne4+ 44. Ke3 Ng5 45. Bf4 Nh3 46. Be5 Ng5 47. f4 Ne4 48. Rc8 Ng3 49. a6 Nf5+ 50. Kd3 bxa6 51. Rxc6+ Kd7 52. Rxa6 Rf8 53. c6+ Ke6 54. Rb6 Rc8 55. c7+ Kd7 56. Rxb4 Ne7 57. Rb8 1-0


[Site "https://www.chess.com"]

[Event "Titled Tuesday Blitz February 15 Early 2022"]
[White "Jumabayev, Rinat"]
[Black "Kabanov, Nikolai"]
[WhiteFideId "13702661"]
[BlackFideId "4127820"]
[WhiteElo "2561"]
[BlackElo "2304"]
[Result "1-0"]
[Round "02"]
[TimeControl "180+1"]
[Date "2022.02.15"]
[WhiteClock "0:00:37"]
[BlackClock "0:00:07"]

1. Nf3 Nf6 2. c4 g6 3. Nc3 Bg7 4. e4 O-O 5. Be2 d6 6. d4 e5 7. O-O Na6 8. Be3 Ng4 9. Bg5 f6 10. Bc1 Nh6 11. dxe5 dxe5 12. h3 c6 13. Qc2 Qe7 14. a3 Nc5 15. Be3 Ne6 16. c5 f5 17. exf5 Nxf5 18. Ne4 Ned4 19. Nxd4 Nxd4 20. Bc4+ Kh8 21. Qd1 Bf5 22. Bg5 Qc7 23. Nd6 b6 24. b4 bxc5 25. bxc5 Rab8 26. Be3 h6 27. Ra2 Qa5 28. Nf7+ Kh7 29. Nxe5 Bxe5 30. Bxd4 Rbd8 31. Rd2 Bf4 32. Qe2 1-0


[Site "https://www.chess.com"]

[Event "Titled Tuesday Blitz February 15 Early 2022"]
[White "Kejzar, Petra"]
[Black "Shvedova, Alexandra"]
[WhiteFideId "14610213"]
[BlackFideId "54154782"]
[WhiteElo "2006"]
[BlackElo "1920"]
[Result "0-1"]
[Round "02"]
[TimeControl "180+1"]
[Date "2022.02.15"]
[WhiteClock "0:00:10"]
[BlackClock "0:00:13"]

1. b3 d5 2. Bb2 Nf6 3. e3 g6 4. f4 Bg7 5. Nf3 O-O 6. Be2 c5 7. O-O Nc6 8. d3 Qc7 9. Ne5 Nd7 10. Nxc6 Qxc6 11. Bxg7 Kxg7 12. Nd2 Nf6 13. Nf3 Qc7 14. Ne5 b5 15. Bf3 Bb7 16. d4 Ne4 17. Bxe4 dxe4 18. c3 h5 19. g4 f6 20. Nxg6 Kxg6 21. gxh5+ Kf7 22. Kh1 cxd4 23. cxd4 Rg8 24. h6 Qc3 25. Qh5+ Ke6 26. d5+ Kd6 27. h7 Rh8 28. Rac1 Qxe3 29. Qf5 Bxd5 30. Rfd1 e6 31. Qxf6 Qf3+ 32. Kg1 Rag8+ 33. hxg8=Q Rxg8+ 34. Qg5 Rxg5+ 35. fxg5 e3 36. Rxd5+ exd5 0-1


[Site "https://www.chess.com"]

[Event "Titled Tuesday Blitz February 15 Early 2022"]
[White "Kett, Tim"]
[Black "Manukyan, Artyom"]
[WhiteFideId "1801210"]
[BlackFideId "13305786"]
[WhiteElo "2098"]
[BlackElo "2034"]
[Result "0-1"]
[Round "02"]
[TimeControl "180+1"]
[Date "2022.02.15"]
[WhiteClock "0:00:12"]
[BlackClock "0:00:44"]

1. e4 e6 2. d4 d5 3. e5 c5 4. c3 Qb6 5. Nf3 Bd7 6. h4 Bb5 7. h5 Bxf1 8. Kxf1 h6 9. g3 Nc6 10. Kg2 Nge7 11. Na3 Nf5 12. Nc2 Rc8 13. g4 Nfe7 14. Rb1 cxd4 15. cxd4 Nb8 16. Bd2 Nec6 17. Bc3 Be7 18. Ne3 Nd7 19. Qd3 Qa6 20. Qxa6 bxa6 21. Kg3 O-O 22. Ne1 Bd8 23. f4 Bb6 24. Nf3 f6 25. Rbe1 fxe5 26. fxe5 Ndxe5 27. Nxe5 Nxe5 28. dxe5 d4 29. Bb4 dxe3 30. Bxf8 Rxf8 31. Rhf1 Rc8 32. Rc1 Rd8 33. Rfd1 Rf8 34. Rf1 Rd8 35. Rfd1 Rb8 36. Rd7 Rf8 37. Re7 e2 38. Rxe6 Rf1 39. Rc8+ Kf7 0-1


[Site "https://www.chess.com"]

[Event "Titled Tuesday Blitz February 15 Early 2022"]
[White "Khripachenko, Alexander"]
[Black "Rosenberg, Evan S"]
[WhiteFideId "54184975"]
[BlackFideId "2019299"]
[WhiteElo "2177"]
[BlackElo "2324"]
[Result "1-0"]
[Round "02"]
[TimeControl "180+1"]
[Date "2022.02.15"]
[WhiteClock "0:02:02"]
[BlackClock "0:00:03"]

1. e4 e5 2. Nf3 Nc6 3. Bc4 Nf6 4. d3 h6 5. c3 d6 6. Nbd2 g5 7. Bb3 g4 8. Nh4 Nxe4 9. Ng6 fxg6 10. dxe4 h5 11. Nc4 Ne7 12. Bg5 Bh6 13. Bxh6 Rxh6 14. Qd2 Rh7 15. O-O-O Nc6 16. f4 gxf3 17. gxf3 Qf6 18. Kb1 Be6 19. Rhg1 O-O-O 20. Rdf1 d5 21. exd5 Bxd5 22. Qe2 Rf7 23. Nd2 Bxb3 24. axb3 Qf5+ 25. Ne4 Ne7 26. b4 Nd5 27. Rg5 Qf4 28. Rxg6 Ne3 29. Re1 Nf5 30. Nc5 Nh4 31. Rg3 Nxf3 32. Rc1 Qf5+ 33. Ka1 Nd2 34. Rd1 b6 35. Qa6+ 1-0


[Site "https://www.chess.com"]

[Event "Titled Tuesday Blitz February 15 Early 2022"]
[White "Klinova, Masha"]
[Black "Glidzhain, Gor"]
[WhiteFideId "2802015"]
[BlackFideId "24109932"]
[WhiteElo "2274"]
[BlackElo "2229"]
[Result "0-1"]
[Round "02"]
[TimeControl "180+1"]
[Date "2022.02.15"]
[WhiteClock "0:00:15"]
[BlackClock "0:00:16"]

1. e4 e5 2. Nf3 d6 3. Bc4 Be7 4. O-O Nf6 5. Re1 O-O 6. d4 exd4 7. Nxd4 c5 8. Nf3 Nc6 9. Nc3 a6 10. Bf4 Bg4 11. h3 Bh5 12. Nd5 Nxd5 13. Bxd5 Nd4 14. g4 Nxf3+ 15. Qxf3 Bg6 16. Rad1 Qb6 17. b3 Rad8 18. c4 Bf6 19. Qg3 Bd4 20. Be3 Bxe3 21. Rxe3 Kh8 22. Red3 f6 23. f3 Rfe8 24. h4 Qc7 25. h5 Bf7 26. Bxf7 Qxf7 27. Rxd6 Rxd6 28. Qxd6 b5 29. cxb5 axb5 30. Qxc5 Qb7 31. Rd2 h6 32. Qd5 Qb8 33. Kg2 Rc8 34. b4 Qf4 35. Qd6 Qe3 36. Qd3 Qe1 37. Re2 Qxb4 38. e5 fxe5 39. Rxe5 Qb2+ 40. Re2 Qb4 41. Kh3 Rf8 42. Qe4 Qa3 43. Kg3 b4 44. Rc2 Qa5 45. Rc6 Qxa2 46. Qxb4 Qa8 47. Qc4 Qb8+ 48. Kg2 Qb2+ 49. Kg3 Qe5+ 50. Kg2 Qb8 51. Rc7 Rd8 52. Qc3 Rg8 53. Kh3 Qf8 54. Kg2 Qf4 55. Kf2 Qg5 56. Kg2 Qh4 57. Rc8 Rxc8 58. Qxc8+ Kh7 59. Qf5+ Kg8 60. Qc8+ Kf7 61. Qf5+ Ke7 62. Qc5+ Kf7 63. Qf5+ Kg8 64. Qc5 Kh7 65. Qd5 Qe7 66. Qf5+ Kg8 67. Qd5+ Kf8 68. Qa8+ Kf7 69. Qd5+ Ke8 70. Qa8+ Kd7 71. Qd5+ Ke8 72. Qa8+ Kf7 73. Qd5+ Kf8 74. Qa8+ Qe8 75. Qxe8+ Kxe8 76. Kg3 Kf7 77. Kf4 Kf6 78. Ke4 Ke6 79. f4 Kf6 80. g5+ hxg5 81. fxg5+ Kxg5 82. Kf3 Kxh5 83. Kf4 Kh4 84. Kf5 g5 0-1


[Site "https://www.chess.com"]

[Event "Titled Tuesday Blitz February 15 Early 2022"]
[White "Kollars, Dmitrij"]
[Black "Lugovskoy, Maxim"]
[WhiteFideId "12909572"]
[BlackFideId "24126454"]
[WhiteElo "2584"]
[BlackElo "2444"]
[Result "1/2-1/2"]
[Round "02"]
[TimeControl "180+1"]
[Date "2022.02.15"]
[WhiteClock "0:00:14"]
[BlackClock "0:00:12"]

1. Nf3 d5 2. d4 Nf6 3. c4 e6 4. g3 Be7 5. Bg2 O-O 6. O-O dxc4 7. Qc2 a6 8. a4 Bd7 9. Bg5 Bc6 10. Rd1 Nbd7 11. Qxc4 h6 12. Bxf6 Nxf6 13. Nbd2 Ne4 14. b4 Nxd2 15. Nxd2 Bxg2 16. Kxg2 c6 17. Rab1 Qd7 18. Qc3 Rfd8 19. Nb3 Bf6 20. Nc5 Qe7 21. e3 e5 22. dxe5 Bxe5 23. Qc4 Bd6 24. Rd4 Bxc5 25. Qxc5 Qxc5 26. bxc5 Rxd4 27. exd4 Rd8 28. Rd1 Kf8 29. Kf3 Ke7 30. Ke4 Ke6 31. g4 Re8 32. Rb1 Re7 33. Kd3 Kd5 34. f3 g6 35. Rg1 Re6 36. Rb1 Re7 37. Rg1 Re6 38. g5 h5 39. Rb1 Re7 40. h4 a5 41. Rb2 Ke6 42. Re2+ Kd7 43. Re4 Re6 44. Kc4 f5 45. Re5 Rxe5 46. dxe5 Ke6 47. Kd4 Kd7 48. Ke3 Ke6 49. Kd4 Kd7 50. f4 Ke6 51. Kc4 Kd7 52. Kd4 Ke6 53. Kc4 Kd7 54. Kd4 1/2-1/2


[Site "https://www.chess.com"]

[Event "Titled Tuesday Blitz February 15 Early 2022"]
[White "Komissarov, Alexey"]
[Black "Karabalis, Harilos"]
[WhiteFideId "4176545"]
[BlackFideId "4621808"]
[WhiteElo "2216"]
[BlackElo "2168"]
[Result "0-1"]
[Round "02"]
[TimeControl "180+1"]
[Date "2022.02.15"]
[WhiteClock "0:00:37"]
[BlackClock "0:01:51"]

1. e4 e6 2. d4 d5 3. Nc3 Bb4 4. a3 Bxc3+ 5. bxc3 dxe4 6. f3 c5 7. Bb2 Nc6 8. Qd2 Nf6 9. O-O-O a6 10. fxe4 Nxe4 11. Qe3 Qg5 12. Qxg5 Nxg5 13. dxc5 Ne4 14. c4 Nf2 15. Bxg7 Rg8 16. Bf6 Nxh1 0-1


[Site "https://www.chess.com"]

[Event "Titled Tuesday Blitz February 15 Early 2022"]
[White "Korchmar, Vasiliy"]
[Black "Xiong, Jeffery"]
[WhiteFideId "24131750"]
[BlackFideId "2047640"]
[WhiteElo "2370"]
[BlackElo "2727"]
[Result "0-1"]
[Round "02"]
[TimeControl "180+1"]
[Date "2022.02.15"]
[WhiteClock "0:00:01"]
[BlackClock "0:00:15"]

1. d4 d6 2. e4 Nf6 3. Nc3 e5 4. Nf3 exd4 5. Nxd4 Be7 6. g3 d5 7. e5 Ng4 8. e6 Nf6 9. exf7+ Kxf7 10. Bg2 Re8 11. O-O c6 12. Re1 Na6 13. f4 Nc7 14. h3 Kg8 15. g4 Bc5 16. Be3 Bd7 17. g5 Nh5 18. Kh1 Rxe3 19. Rxe3 Nxf4 20. Rg3 Bd6 21. Qd2 Nxg2 22. Rxg2 Bxh3 23. Rf2 Qd7 24. Rg1 Re8 25. Qd3 g6 26. Nce2 c5 27. Nf3 Bf5 28. Qb3 Be4 29. Ng3 Bxg3 0-1


[Site "https://www.chess.com"]

[Event "Titled Tuesday Blitz February 15 Early 2022"]
[White "Kornyukov, Alexey"]
[Black "Zhu, Jiner"]
[WhiteFideId "4150457"]
[BlackFideId "8608059"]
[WhiteElo "2303"]
[BlackElo "2281"]
[Result "0-1"]
[Round "02"]
[TimeControl "180+1"]
[Date "2022.02.15"]
[WhiteClock "0:00:54"]
[BlackClock "0:01:12"]

1. e4 c5 2. c3 d5 3. exd5 Qxd5 4. d4 Nc6 5. Nf3 Nf6 6. Be2 Bf5 7. c4 Qd8 8. d5 Nb4 9. Na3 e6 10. dxe6 Qxd1+ 11. Bxd1 Bxe6 12. Ba4+ Bd7 13. Bxd7+ Nxd7 14. O-O O-O-O 15. Bg5 f6 16. Be3 a6 17. Rad1 Be7 18. Rd2 Nb6 19. Rfd1 Nxa2 20. Rxd8+ Rxd8 21. Rxd8+ Kxd8 22. Kf1 Nb4 23. Ke2 Kd7 24. Kd2 Kc6 25. Kc3 Nc8 26. Nc2 Nxc2 27. Kxc2 Nd6 28. Kc3 b5 29. cxb5+ axb5 30. b4 cxb4+ 31. Kxb4 Nc4+ 32. Kc3 Nxe3 33. fxe3 Kd5 34. Nd4 b4+ 35. Kd3 Bc5 36. e4+ Ke5 37. Nc6+ Kf4 38. Kc4 Bg1 39. Kxb4 Bxh2 40. Nd8 Kxe4 41. Ne6 g5 42. Nf8 h5 43. Nh7 Be5 44. Kc4 Kf4 45. Kd3 Kg3 46. Ke4 Kxg2 47. Kf5 h4 48. Kg4 h3 49. Nf8 h2 0-1


[Site "https://www.chess.com"]

[Event "Titled Tuesday Blitz February 15 Early 2022"]
[White "Kouskoutis, Georgios-Alexandros"]
[Black "Boraso, Alessio"]
[WhiteFideId "4234049"]
[BlackFideId "848077"]
[WhiteElo "2130"]
[BlackElo "2277"]
[Result "0-1"]
[Round "02"]
[TimeControl "180+1"]
[Date "2022.02.15"]
[WhiteClock "0:00:02"]
[BlackClock "0:00:08"]

1. c4 c5 2. g3 g6 3. Bg2 Bg7 4. Nc3 Nc6 5. e4 h5 6. h3 d6 7. Nge2 Nf6 8. O-O Be6 9. d3 Qd7 10. Nf4 Nd4 11. Be3 g5 12. Nxe6 Nxe6 13. f4 gxf4 14. gxf4 h4 15. Kh2 Nh5 16. Qg4 O-O-O 17. Nd5 Rdg8 18. Qf5 Bf6 19. Nxf6 exf6 20. Rf2 Ng3 21. Qxf6 Rh7 22. f5 Nd8 23. b4 cxb4 24. Rb1 Nc6 25. d4 b3 26. d5 Rhg7 27. dxc6 Qxc6 28. axb3 Nxe4 29. Bxe4 Qxe4 30. Qd4 Rg2+ 31. Kh1 Rg1+ 32. Kh2 R8g2+ 33. Rxg2 Qxg2# 0-1


[Site "https://www.chess.com"]